[Event "Titled Tuesday Blitz April 19 Late 2022"]
[White "Martinez Alcantara, Jose Eduardo"]
[Black "Chigaev, Maksim"]
[WhiteFideId "3805662"]
[BlackFideId "4108116"]
[WhiteElo "2690"]
[BlackElo "2478"]
[Result "0-1"]
[Round "07"]
[TimeControl "180+1"]
[Date "2022.04.19"]
[WhiteClock "0:00:10"]
[BlackClock "0:00:12"]

1. e4 c5 2. Nf3 d6 3. Bb5+ Nd7 4. O-O a6 5. Bxd7+ Bxd7 6. c3 Nf6 7. Re1 e6 8. d4 Be7 9. e5 dxe5 10. dxe5 Nd5 11. Nbd2 Bc6 12. Ne4 h6 13. Qe2 b5 14. Bd2 O-O 15. Rad1 Qc7 16. h3 Rfd8 17. b3 Qb7 18. Nh2 Nf4 19. Bxf4 Rxd1 20. Nf6+ Bxf6 21. Qxd1 Be7 22. Qh5 Be4 23. Qg4 Bf5 24. Qg3 Kh7 25. Ng4 Rd8 26. f3 Bg6 27. Nf2 c4 28. b4 a5 29. a3 axb4 30. axb4 Qa7 31. Bc1 Rd3 32. Kh2 Rxc3 33. Ng4 Rc2 34. Be3 Qa2 35. Rd1 Bd3 36. Nf2 Qb3 37. Ra1 Bg6 38. Ng4 Qxb4 39. Ra7 Re2 40. h4 Rxe3 41. Nxe3 Qc5 42. Rd7 Bxh4 43. Qxh4 Qxe5+ 44. Qg3 Qxe3 45. Qb8 e5 46. Rd8 Qf4+ 47. Kh1 Bf5 48. Rh8+ Kg6 49. Qb6+ Be6 50. Qxb5 Qc1+ 51. Kh2 Qf4+ 52. Kh1 Qd4 53. Qb1+ f5 54. Re8 Bf7 55. Rc8 Kh7 56. Qxf5+ Bg6 57. Qh3 c3 58. Qg4 Qxg4 59. fxg4 c2 60. Kg1 Bd3 61. Kf2 Kg6 62. Ke3 e4 63. Rc5 Kf6 64. Kd2 g6 65. Ke3 Ke6 66. Kd2 Kd6 67. Ra5 Kc6 68. Ra8 e3+ 69. Kc1 e2 70. Re8 Kd5 71. Kd2 Be4 72. Rd8+ Ke5 73. Re8+ Kf4 74. g3+ Kf3 75. Rc8 Bd3 76. Rc3 Ke4 77. Rc8 h5 78. gxh5 gxh5 79. Re8+ Kf3 80. Re3+ Kf2 81. Re8 c1=Q+ 82. Kxc1 e1=Q+ 83. Rxe1 Kxe1 84. Kb2 Kf2 85. Kc3 Kxg3 86. Kd4 h4 87. Ke5 h3 88. Kf6 h2 89. Kf7 h1=Q 90. Kf6 Qf3+ 91. Ke6 Qf5+ 92. Ke7 Qe5+ 93. Kf8 Qc7 94. Ke8 Bg6+ 95. Kf8 Qf7# 0-1


[Site "https://www.chess.com"]

[Event "Titled Tuesday Blitz April 19 Late 2022"]
[White "Martinez Reyes, Pedro Ramon"]
[Black "Aldokhin, Ivan"]
[WhiteFideId "3901807"]
[BlackFideId "24115720"]
[WhiteElo "2410"]
[BlackElo "2231"]
[Result "1-0"]
[Round "07"]
[TimeControl "180+1"]
[Date "2022.04.19"]
[WhiteClock "0:00:43"]
[BlackClock "0:00:04"]

1. g4 d5 2. Bg2 c6 3. h3 e5 4. d3 Bd6 5. Nc3 Ne7 6. e4 d4 7. Nce2 Ng6 8. Nf3 Nd7 9. h4 Ndf8 10. h5 Nf4 11. Nxf4 exf4 12. e5 Bb4+ 13. Bd2 Qe7 14. c3 dxc3 15. bxc3 Ba5 16. Qa4 Bc7 17. Qxf4 Ne6 18. Qe3 Bb6 19. d4 Nc7 20. h6 gxh6 21. Qxh6 Rg8 22. Qxh7 Rxg4 23. Qh8+ Qf8 24. Bf1 Be6 25. Ng5 O-O-O 26. Qxf8 Rxf8 27. f3 Rg3 28. Kf2 Rxg5 29. Bxg5 c5 30. Be7 Re8 31. Bxc5 Bxc5 32. dxc5 Nd5 33. Rd1 Nxc3 34. Rd4 Nd5 35. Bc4 Ne7 36. Bxe6+ fxe6 37. Rh7 Nc6 38. Rdd7 Nxe5 39. Rc7+ Kd8 40. Rxb7 Nc6 41. Rhd7+ Kc8 42. Rdc7+ Kd8 43. Rxc6 1-0


[Site "https://www.chess.com"]

[Event "Titled Tuesday Blitz April 19 Late 2022"]
[White "Mekhitarian, Krikor Sevag"]
[Black "Hnydiuk, Aleksander"]
[WhiteFideId "2107660"]
[BlackFideId "1109057"]
[WhiteElo "2598"]
[BlackElo "2374"]
[Result "1-0"]
[Round "07"]
[TimeControl "180+1"]
[Date "2022.04.19"]
[WhiteClock "0:00:28"]
[BlackClock "0:00:13"]

1. Nf3 Nf6 2. c4 g6 3. Nc3 Bg7 4. e4 d6 5. d4 O-O 6. h3 e5 7. d5 a5 8. g4 Na6 9. Be3 Nc5 10. Nd2 c6 11. Be2 cxd5 12. cxd5 Bd7 13. a4 Rc8 14. h4 h5 15. gxh5 Nxh5 16. Bxh5 gxh5 17. Qxh5 f5 18. Rg1 Nd3+ 19. Ke2 f4 20. Kxd3 fxe3 21. fxe3 Rf7 22. Raf1 Rxf1 23. Rxf1 Be8 24. Qg4 Rc7 25. Nc4 Bxa4 26. Nxa4 b5 27. Qe6+ Kh7 28. Nxd6 bxa4 29. Rf7 Rxf7 30. Nxf7 Qb8 31. Ng5+ Kh8 32. Ke2 Qxb2+ 33. Kf3 Qb8 34. Qg6 Qf8+ 35. Ke2 1-0


[Site "https://www.chess.com"]

[Event "Titled Tuesday Blitz April 19 Late 2022"]
[White "Migot, Tangi"]
[Black "Bowden, Karl"]
[WhiteFideId "662445"]
[BlackFideId "400548"]
[WhiteElo "2538"]
[BlackElo "2351"]
[Result "1-0"]
[Round "07"]
[TimeControl "180+1"]
[Date "2022.04.19"]
[WhiteClock "0:00:49"]
[BlackClock "0:00:13"]

1. e4 e5 2. Nf3 d5 3. d4 dxe4 4. Nxe5 Bd6 5. Nc4 Nc6 6. Nc3 Bf5 7. Nxd6+ Qxd6 8. d5 Nce7 9. Bb5+ Kf8 10. Be3 Nf6 11. Bc4 a6 12. Bb3 Rd8 13. Qe2 h6 14. h3 Kg8 15. g4 Bg6 16. h4 h5 17. g5 Ng4 18. O-O-O Kh7 19. Kb1 Rhe8 20. Bc1 Nf5 21. Rh3 Qe5 22. Re1 Nd4 23. Qf1 Bf5 24. Rh1 Nxb3 25. axb3 c6 26. f3 Nh2 27. Rxh2 Qxh2 28. fxe4 Bg6 29. Bf4 cxd5 30. Bxh2 1-0


[Site "https://www.chess.com"]

[Event "Titled Tuesday Blitz April 19 Late 2022"]
[White "Mikhalsky, Vladimir"]
[Black "Solon, Nathan"]
[WhiteFideId "14144352"]
[BlackFideId "2017229"]
[WhiteElo "2301"]
[BlackElo "2565"]
[Result "1-0"]
[Round "07"]
[TimeControl "180+1"]
[Date "2022.04.19"]
[WhiteClock "0:01:51"]
[BlackClock "0:01:44"]

1. c4 e6 2. g3 d5 3. Bg2 Nf6 4. Nf3 dxc4 5. Qa4+ Bd7 6. Qxc4 c5 7. Ne5 Qc7 8. Nxd7 Nbxd7 9. O-O Be7 10. d4 Rc8 11. Nc3 O-O 12. Bf4 Qb6 13. Na4 Qb4 14. Qxb4 cxb4 15. Bxb7 Rc2 16. e4 e5 17. dxe5 Ng4 18. Rac1 1-0


[Site "https://www.chess.com"]

[Event "Titled Tuesday Blitz April 19 Late 2022"]
[White "Mohammadian, Mohammad"]
[Black "Piliczewski, Bogusz"]
[WhiteFideId "12566055"]
[BlackFideId "1104144"]
[WhiteElo "1544"]
[BlackElo "1896"]
[Result "0-1"]
[Round "07"]
[TimeControl "180+1"]
[Date "2022.04.19"]
[WhiteClock "0:00:05"]
[BlackClock "0:01:01"]

1. e4 c6 2. d4 d5 3. Nd2 dxe4 4. Nxe4 Bf5 5. Ng3 Bg6 6. Nf3 Nd7 7. Bd3 Bxd3 8. Qxd3 e6 9. c4 Bb4+ 10. Bd2 Bxd2+ 11. Qxd2 Ngf6 12. O-O O-O 13. Rfe1 Qc7 14. Rac1 Rad8 15. Qc3 b6 16. b4 Rfe8 17. d5 cxd5 18. cxd5 Qxc3 19. Rxc3 Nxd5 20. Rb3 Rc8 21. a4 Rc4 22. a5 Rxb4 23. Rxb4 Nxb4 24. axb6 axb6 25. Rb1 Nd5 26. Ne4 Rb8 27. Nd4 Ne5 28. Nb5 Nc4 29. Rc1 Ne5 30. Ned6 Kf8 31. Ra1 Nc6 32. Rc1 Ne5 33. Ra1 Nc6 34. Rc1 Na5 35. Ra1 Ke7 36. h3 Kd7 37. Rc1 f6 38. Kf1 Nb7 39. Nxb7 Rxb7 40. Ra1 e5 41. Ra8 Kc6 42. Na3 b5 43. Rc8+ Rc7 44. Rxc7+ Nxc7 45. Ke2 Kc5 46. Kd2 b4 47. Nc2 Nd5 48. Ne3 Nxe3 49. fxe3 Kc4 50. Kc2 b3+ 51. Kb2 e4 52. g4 Kd3 53. h4 Kxe3 54. g5 Kf2 55. gxf6 gxf6 56. h5 e3 57. Kxb3 e2 58. Kc4 e1=Q 59. Kd5 Qe5+ 60. Kc6 Ke3 61. Kd7 Kd4 0-1


[Site "https://www.chess.com"]

[Event "Titled Tuesday Blitz April 19 Late 2022"]
[White "Musovic, Armin"]
[Black "Zhou, Qiyu"]
[WhiteFideId "939935"]
[BlackFideId "505161"]
[WhiteElo "2255"]
[BlackElo "1925"]
[Result "0-1"]
[Round "07"]
[TimeControl "180+1"]
[Date "2022.04.19"]
[WhiteClock "0:00:04"]
[BlackClock "0:00:05"]

1. a3 d5 2. Nc3 e5 3. d4 e4 4. Bf4 c6 5. f3 f5 6. Qd2 Nf6 7. Nh3 Bd6 8. e3 O-O 9. Be2 Qe7 10. Rg1 Nbd7 11. Nd1 c5 12. c3 b6 13. Bxd6 Qxd6 14. f4 a5 15. Nhf2 Ba6 16. Bxa6 Rxa6 17. g4 fxg4 18. Nxg4 Nxg4 19. Rxg4 Nf6 20. Rg5 h6 21. Rg6 Qd7 22. Qg2 Kh7 23. Nf2 Ra7 24. O-O-O Qf5 25. Rg1 Rff7 26. Qg3 cxd4 27. cxd4 b5 28. Qh4 b4 29. a4 b3 30. Nd1 Qc8+ 31. Nc3 Rac7 32. Qe1 Qd7 33. Kb1 Rc4 34. Nb5 Rxa4 35. Qg3 Nh5 36. Rxh6+ Kg8 37. Rxh5 Qxb5 38. Rd1 Qc4 39. Qf2 Rc7 40. Qd2 Qc2+ 41. Qxc2 bxc2+ 42. Kc1 Ra1+ 43. Kd2 Rxd1+ 44. Ke2 c1=Q 45. Rh8+ Kxh8 0-1


[Site "https://www.chess.com"]

[Event "Titled Tuesday Blitz April 19 Late 2022"]
[White "Nakamura, Hikaru"]
[Black "Vasquez Schroeder, Rodrigo"]
[WhiteFideId "2016192"]
[BlackFideId "3400042"]
[WhiteElo "2850"]
[BlackElo "2561"]
[Result "1-0"]
[Round "07"]
[TimeControl "180+1"]
[Date "2022.04.19"]
[WhiteClock "0:00:28"]
[BlackClock "0:00:04"]

1. Nf3 c5 2. b3 b6 3. g3 Bb7 4. Bg2 Nf6 5. O-O e6 6. Bb2 Be7 7. e3 O-O 8. Qe2 d6 9. d4 Qc7 10. c4 Nbd7 11. Nc3 a6 12. Rac1 Rfe8 13. Rfd1 Rac8 14. d5 exd5 15. Nxd5 Nxd5 16. cxd5 Bf6 17. Nd4 g6 18. b4 Bg7 19. b5 axb5 20. Nxb5 Qb8 21. Bxg7 Kxg7 22. Qb2+ Kg8 23. a4 Rcd8 24. Bf1 Ne5 25. Be2 Ba6 26. Rb1 Re7 27. Qc3 Bxb5 28. Rxb5 Qa7 29. Ra1 Rb7 30. Qb2 Rbb8 31. e4 Re8 32. Qd2 Nd7 33. f3 Ra8 34. Kg2 Qc7 35. Bd3 Ra7 36. Bc2 Rea8 37. Rab1 Ra5 38. R5b2 c4 39. Qc3 Rc5 40. Rb4 Rc8 41. Bd1 Qa7 42. Be2 Qa5 43. f4 b5 44. Bg4 R8c7 45. Ra1 Qb6 46. axb5 Rxb5 47. Bxd7 Rxb4 48. Ra8+ Qb8 49. Rxb8+ Rxb8 50. Bc6 1-0


[Site "https://www.chess.com"]

[Event "Titled Tuesday Blitz April 19 Late 2022"]
[White "Nazaretyan, Tigran"]
[Black "Baches Garcia, Guillermo"]
[WhiteFideId "24162345"]
[BlackFideId "2209764"]
[WhiteElo "2225"]
[BlackElo "2506"]
[Result "0-1"]
[Round "07"]
[TimeControl "180+1"]
[Date "2022.04.19"]
[WhiteClock "0:00:06"]
[BlackClock "0:00:20"]

1. d4 Nf6 2. c4 e6 3. Nf3 d5 4. Nc3 c5 5. e3 Nc6 6. a3 a6 7. dxc5 Bxc5 8. b4 Ba7 9. Bb2 O-O 10. Rc1 Qe7 11. cxd5 Rd8 12. Bc4 exd5 13. Be2 d4 14. exd4 Nxd4 15. Nxd4 Bxd4 16. Qc2 Bg4 17. h3 Bh5 18. Nd1 Bg6 19. Qb3 Re8 20. Ne3 Bxe3 21. fxe3 Qxe3 22. Qxe3 Rxe3 23. Rc3 Re6 24. Kd1 Rd8+ 25. Ke1 Rde8 26. Kf1 Rxe2 27. Re3 R8xe3 28. Bc3 Ne4 29. Kg1 Rxc3 30. Kh2 Rcc2 31. Rg1 h5 32. h4 Bf5 33. a4 b5 34. a5 Kh7 35. Kh1 Bg4 36. Kh2 Bf3 37. Kh3 Rxg2 38. Rxg2 Bxg2+ 39. Kh2 Bf3+ 40. Kh3 Bg4# 0-1


[Site "https://www.chess.com"]

[Event "Titled Tuesday Blitz April 19 Late 2022"]
[White "Noboa Silva, Kevin"]
[Black "Kostiukov, Alexandr"]
[WhiteFideId "3618471"]
[BlackFideId "14108100"]
[WhiteElo "2172"]
[BlackElo "2202"]
[Result "1-0"]
[Round "07"]
[TimeControl "180+1"]
[Date "2022.04.19"]
[WhiteClock "0:00:03"]
[BlackClock "0:00:04"]

1. e4 c5 2. c3 g6 3. Nf3 Bg7 4. d4 cxd4 5. cxd4 d5 6. e5 Nc6 7. Bb5 Bg4 8. Bxc6+ bxc6 9. Nbd2 Nh6 10. O-O O-O 11. h3 Bxf3 12. Nxf3 Nf5 13. Qa4 Qb6 14. b3 c5 15. dxc5 Qxc5 16. Ba3 Qc7 17. Rac1 Qb7 18. g4 d4 19. Qc6 Qxc6 20. Rxc6 Nh6 21. Bxe7 Rfe8 22. Bg5 f5 23. exf6 Bf8 24. Bxh6 Bxh6 25. g5 Bf8 26. Nxd4 Re5 27. f4 Rc5 28. Kg2 Re8 29. Rf2 Re4 30. f7+ Kxf7 31. Rf6+ Kg8 32. Ne6 Rf5 33. Rxf5 gxf5 34. Nxf8 Kxf8 35. Kf3 Kf7 36. Rc2 Re7 37. Rc6 Kg7 38. Rc5 Kg6 39. Rc6+ Kg7 40. Rd6 Rc7 41. Rd3 Rc2 42. a4 Rb2 43. h4 a5 44. Ke3 Kg6 45. Kd4 Kh5 46. Ke5 Kg4 47. Rd4 Re2+ 48. Kf6 Re3 49. b4 axb4 50. Rxb4 Rc3 51. h5 Rc6+ 52. Ke5 Rc5+ 53. Kd6 Ra5 54. h6 Kh5 55. Ke6 Kg6 56. Rd4 Ra6+ 57. Rd6 Rxa4 58. Ke5+ Kh5 59. Kxf5 Ra5+ 60. Ke4 Kg4 61. Rf6 Ra4+ 62. Ke5 Ra5+ 63. Ke6 Ra6+ 64. Ke7 Ra7+ 65. Kf8 Kh5 66. Kg8 Rb7 67. Rf7 1-0


[Site "https://www.chess.com"]

[Event "Titled Tuesday Blitz April 19 Late 2022"]
[White "Nozdrachev, Leonid"]
[Black "Baker, Chris W"]
[WhiteFideId "24113433"]
[BlackFideId "401676"]
[WhiteElo "2242"]
[BlackElo "2236"]
[Result "1-0"]
[Round "07"]
[TimeControl "180+1"]
[Date "2022.04.19"]
[WhiteClock "0:01:36"]
[BlackClock "0:01:11"]

1. c3 Nf6 2. d3 d5 3. Nd2 e5 4. Qa4+ c6 5. g4 Bxg4 6. Bg2 Nbd7 7. Nf1 Be6 8. Nh3 h6 9. d4 exd4 10. cxd4 Qb6 11. Nf4 Qb4+ 12. Qxb4 Bxb4+ 13. Bd2 Bxd2+ 14. Nxd2 Bf5 15. Rg1 O-O 16. O-O-O Rfe8 17. e3 Kf8 18. Nb3 Ne4 19. Bxe4 Bxe4 20. Rg3 a5 21. h4 a4 22. Nd2 Bf5 23. Rdg1 g6 24. a3 Nf6 25. Re1 Rac8 26. Kd1 c5 27. dxc5 Rxc5 28. Ne2 Rec8 29. Nc3 b5 30. Nf3 Ne4 31. Nxe4 Bxe4 32. Nd4 Rc1+ 33. Kd2 Rxe1 34. Kxe1 Rc1+ 35. Kd2 Rb1 36. Kc3 Rf1 37. f3 Bb1 38. Nxb5 Rg1 39. Rxg1 1-0


[Site "https://www.chess.com"]

[Event "Titled Tuesday Blitz April 19 Late 2022"]
[White "Omariev, Maksim"]
[Black "Novikova, Galina"]
[WhiteFideId "4193423"]
[BlackFideId "4157095"]
[WhiteElo "2499"]
[BlackElo "1863"]
[Result "1-0"]
[Round "07"]
[TimeControl "180+1"]
[Date "2022.04.19"]
[WhiteClock "0:00:03"]
[BlackClock "0:00:01"]

1. g4 d5 2. Bg2 Bxg4 3. c4 e6 4. Qb3 Nf6 5. cxd5 Nbd7 6. dxe6 Bxe6 7. Qxb7 Rb8 8. Qxa7 Bc5 9. Qa4 O-O 10. Nf3 Rb4 11. Qc2 Rg4 12. Rg1 Bd5 13. Bh3 Bxf3 14. Bxg4 Bxg4 15. Nc3 Qe7 16. d3 Re8 17. Bg5 Bh5 18. O-O-O Bg6 19. Nd5 Qd6 20. Nxf6+ Nxf6 21. Bxf6 gxf6 22. e3 Ra8 23. Kb1 Rb8 24. Ka1 Bb6 25. Qc3 Ra8 26. Rc1 Qe6 27. Qc4 Qh3 28. Qf4 Qe6 29. Qc4 Qh3 30. d4 Qxh2 31. Qe2 Qd6 32. f4 Qd5 33. b3 Qxb3 34. f5 Qd5 35. fxg6 hxg6 36. Qc2 Ba5 37. Qc4 Qe5 38. dxe5 1-0


[Site "https://www.chess.com"]

[Event "Titled Tuesday Blitz April 19 Late 2022"]
[White "Oparin, Grigoriy"]
[Black "Kosteniuk, Alexandra"]
[WhiteFideId "24125890"]
[BlackFideId "4128125"]
[WhiteElo "2665"]
[BlackElo "2469"]
[Result "1-0"]
[Round "07"]
[TimeControl "180+1"]
[Date "2022.04.19"]
[WhiteClock "0:01:04"]
[BlackClock "0:00:15"]

1. d4 Nf6 2. c4 e6 3. Nf3 d5 4. g3 dxc4 5. Bg2 a6 6. Ne5 Bb4+ 7. Nc3 O-O 8. O-O c5 9. dxc5 Qc7 10. Nxc4 Bxc5 11. Bf4 Bxf2+ 12. Rxf2 Qxc4 13. Rc1 Nc6 14. Nd5 Qxa2 15. Nxf6+ gxf6 16. e3 e5 17. Bh6 Rd8 18. Qh5 Ne7 19. Rxf6 Ng6 20. Rcf1 Be6 21. Qg5 Rd7 22. h4 Qxb2 23. h5 Rd2 24. R6f2 Rxf2 25. Rxf2 Qc1+ 26. Rf1 Qc7 27. Qf6 1-0


[Site "https://www.chess.com"]

[Event "Titled Tuesday Blitz April 19 Late 2022"]
[White "Ostrovskiy, Aleksandr"]
[Black "Petesch, Gabriel"]
[WhiteFideId "2034239"]
[BlackFideId "2032465"]
[WhiteElo "2340"]
[BlackElo "2374"]
[Result "1-0"]
[Round "07"]
[TimeControl "180+1"]
[Date "2022.04.19"]
[WhiteClock "0:00:36"]
[BlackClock "0:00:02"]

1. d4 e6 2. Bf4 c5 3. e3 Nc6 4. Nf3 b6 5. Nc3 Bb7 6. Nb5 d6 7. dxc5 e5 8. Bg5 f6 9. cxd6 fxg5 10. Nc7+ Kd7 11. Bb5 Qf6 12. Nxa8 Bxa8 13. Qd5 Bxd6 14. O-O-O Ne7 15. Qe4 Kc7 16. Qg4 h6 17. Nd2 Qf5 18. Qa4 Kb8 19. Ne4 Bc7 20. Rd2 Nd4 21. Ng3 Qf7 22. exd4 exd4 23. Kb1 Bxg2 24. Re1 Nd5 25. Qxd4 Rd8 26. Bc4 h5 27. Ne4 Bf4 28. Rdd1 1-0


[Site "https://www.chess.com"]

[Event "Titled Tuesday Blitz April 19 Late 2022"]
[White "Perrine, Dalton"]
[Black "Arabidze, Meri"]
[WhiteFideId "2048434"]
[BlackFideId "13604040"]
[WhiteElo "2489"]
[BlackElo "2335"]
[Result "0-1"]
[Round "07"]
[TimeControl "180+1"]
[Date "2022.04.19"]
[WhiteClock "0:00:04"]
[BlackClock "0:01:13"]

1. Nf3 d5 2. g3 Nf6 3. Bg2 e6 4. O-O b5 5. d3 Be7 6. Nbd2 O-O 7. e4 c5 8. e5 Ne8 9. Re1 Nc6 10. Nf1 Nc7 11. h4 f5 12. Bg5 b4 13. N1h2 a5 14. Qd2 a4 15. a3 Nb5 16. c3 bxa3 17. Bxe7 Qxe7 18. bxa3 Na5 19. Qb2 Nb3 20. Ra2 Bb7 21. Nd2 d4 22. c4 Nc3 23. Nxb3 Bxg2 24. Kxg2 Qb7+ 25. Kg1 Nxa2 26. Qxa2 Qxb3 27. Qe2 Qxa3 28. Qh5 Qc3 29. Nf3 a3 0-1


[Site "https://www.chess.com"]

[Event "Titled Tuesday Blitz April 19 Late 2022"]
[White "Petrova, Irina"]
[Black "Jaferian, Koosha"]
[WhiteFideId "14124122"]
[BlackFideId "12507440"]
[WhiteElo "1993"]
[BlackElo "2030"]
[Result "0-1"]
[Round "07"]
[TimeControl "180+1"]
[Date "2022.04.19"]
[WhiteClock "0:01:08"]
[BlackClock "0:01:00"]

1. e4 c6 2. d4 d5 3. e5 Bf5 4. h4 h5 5. c4 e6 6. Nc3 dxc4 7. Bxc4 Nd7 8. Nge2 Be7 9. Ng3 Bg6 10. Bd3 Bxd3 11. Qxd3 Qc7 12. Bg5 O-O-O 13. Qe2 Nb6 14. Rd1 Bxg5 15. hxg5 g6 16. Nge4 Ne7 17. Nd6+ Rxd6 18. exd6 Qxd6 19. Qe5 Qxe5+ 20. dxe5 Nc4 21. Ne4 Nxe5 22. Nd6+ Kc7 23. f4 Ng4 24. Nxf7 Rf8 25. Ne5 Nxe5 26. fxe5 Nd5 27. Rd2 Rf5 28. Rf1 Rxe5+ 29. Re2 Rxg5 30. Rxe6 Rxg2 31. Rf7+ Kb6 32. Re2 Rg4 33. Kd2 h4 34. Rh7 g5 35. Re8 Nf6 0-1


[Site "https://www.chess.com"]

[Event "Titled Tuesday Blitz April 19 Late 2022"]
[White "Petrovic, Aleksa"]
[Black "Gatterer, Florian"]
[WhiteFideId "967629"]
[BlackFideId "811688"]
[WhiteElo "2198"]
[BlackElo "2218"]
[Result "1-0"]
[Round "07"]
[TimeControl "180+1"]
[Date "2022.04.19"]
[WhiteClock "0:00:13"]
[BlackClock "0:00:03"]

1. d4 g6 2. c4 Bg7 3. e4 d6 4. Nc3 Nf6 5. Be2 O-O 6. Bg5 c5 7. d5 h6 8. Bf4 a6 9. Qd2 Kh7 10. a4 Bg4 11. f3 Bc8 12. g4 Ng8 13. h4 f5 14. exf5 gxf5 15. g5 Bd4 16. Nh3 e5 17. dxe6 Bxe6 18. gxh6 Qxh4+ 19. Kd1 Qf6 20. Ng5+ Kh8 21. h7 Ne7 22. Nxe6 Qxe6 23. Bh6 Rf7 24. Kc2 Nbc6 25. Rae1 Nb4+ 26. Kb3 Nec6 27. Nd5 Nxd5 28. cxd5 Qxd5+ 29. Bc4 Qxc4+ 30. Kxc4 b5+ 31. Kb3 bxa4+ 32. Ka2 Rb8 33. Be3 Rfb7 34. Bxd4+ Nxd4 35. Qg2 a3 36. bxa3 Rb3 37. Reg1 Rxa3+ 38. Kxa3 Nb5+ 39. Ka2 Nc3+ 40. Ka1 Rb1+ 41. Rxb1 Nxb1 42. Qg8# 1-0


[Site "https://www.chess.com"]

[Event "Titled Tuesday Blitz April 19 Late 2022"]
[White "Pinheiro, Iung Alicio de O."]
[Black "Babazada, Khazar"]
[WhiteFideId "2104350"]
[BlackFideId "13413554"]
[WhiteElo "2608"]
[BlackElo "2406"]
[Result "0-1"]
[Round "07"]
[TimeControl "180+1"]
[Date "2022.04.19"]
[WhiteClock "0:00:11"]
[BlackClock "0:00:27"]

1. c4 f5 2. g3 g6 3. Bg2 Bg7 4. Nc3 Nf6 5. d3 O-O 6. e4 e5 7. Nge2 d6 8. O-O Nc6 9. Nd5 Ne7 10. h3 c6 11. Nxf6+ Bxf6 12. Bh6 Bg7 13. Qd2 Be6 14. Rac1 Qd7 15. Kh2 c5 16. Bxg7 Kxg7 17. f4 fxe4 18. dxe4 Nc6 19. b3 Nd4 20. Nc3 Rf7 21. Rf2 Raf8 22. Rcf1 Qe7 23. Nd1 exf4 24. Rxf4 Bd7 25. Ne3 Bc6 26. Qf2 Rxf4 27. gxf4 Bxe4 28. Re1 Bxg2 29. Nf5+ Nxf5 30. Rxe7+ Nxe7 31. Qxg2 Nc6 32. Qd5 Rf6 33. Kg3 Kf8 34. a3 a5 35. h4 h5 36. Qe4 Kf7 37. Qd5+ Kg7 38. Qd2 Nd4 39. b4 axb4 40. axb4 Re6 41. bxc5 dxc5 42. Qb2 Re3+ 43. Kf2 Re2+ 44. Qxe2 Nxe2 45. Kxe2 Kf6 46. Ke3 Kf5 47. Kf3 b6 48. Ke3 Kg4 49. Ke4 Kxh4 50. Kf3 Kh3 51. Kf2 Kg4 52. Ke3 h4 53. Ke4 h3 54. Kd5 h2 55. Kc6 h1=Q+ 56. Kxb6 Qg1 0-1


[Site "https://www.chess.com"]

[Event "Titled Tuesday Blitz April 19 Late 2022"]
[White "Potapova, Margarita"]
[Black "Ferreira, Vitor Hugo Vieira"]
[WhiteFideId "14126869"]
[BlackFideId "2119765"]
[WhiteElo "2216"]
[BlackElo "2165"]
[Result "1-0"]
[Round "07"]
[TimeControl "180+1"]
[Date "2022.04.19"]
[WhiteClock "0:00:06"]
[BlackClock "0:00:19"]

1. e4 c5 2. Nf3 d6 3. d4 cxd4 4. Nxd4 Nf6 5. Nc3 a6 6. Be3 e5 7. Nb3 Be6 8. f3 h5 9. Nd5 Bxd5 10. exd5 g6 11. Na5 Qc7 12. Be2 b6 13. Nc4 Nbd7 14. a4 a5 15. Na3 Nc5 16. Bb5+ Nfd7 17. Bc6 Rc8 18. Nb5 Qd8 19. O-O Be7 20. f4 O-O 21. f5 Bg5 22. Bxg5 Qxg5 23. Nxd6 Qe3+ 24. Kh1 Rcd8 25. Ra3 Qd4 26. Qc1 Nb8 27. f6 Kh7 28. Nb5 Qh4 29. Rh3 Qg4 30. Rg3 Qh4 31. Qe3 Nxc6 32. dxc6 Ne4 33. c7 Nxg3+ 34. Qxg3 Qxg3 35. hxg3 Rc8 36. Rd1 Rfe8 37. Rd7 g5 38. Nd6 Rxc7 39. Rxc7 Re6 40. Ne4 Kg6 41. Kg1 Kf5 42. Rc4 Re8 43. Nd6+ Kxf6 44. Nxe8+ Ke7 45. Nc7 Kd7 46. Nb5 f5 47. Rc7+ Ke6 48. Kf2 e4 49. Rh7 f4 50. Rxh5 Kf5 51. gxf4 Kg4 52. Rxg5+ Kxf4 53. Rg8 e3+ 54. Ke2 Ke4 55. g4 Kf4 56. g5 Kg3 57. Kxe3 Kg4 58. Ke4 Kh5 59. g6 Kh6 60. Kf5 Kh5 61. Rh8# 1-0


[Site "https://www.chess.com"]

[Event "Titled Tuesday Blitz April 19 Late 2022"]
[White "Przybylski, Wojciech"]
[Black "Goryachkina, Aleksandra"]
[WhiteFideId "1117599"]
[BlackFideId "4147103"]
[WhiteElo "2133"]
[BlackElo "2426"]
[Result "1-0"]
[Round "07"]
[TimeControl "180+1"]
[Date "2022.04.19"]
[WhiteClock "0:00:05"]
[BlackClock "0:00:01"]

1. e4 e6 2. d4 d5 3. Nc3 Bb4 4. a3 Bxc3+ 5. bxc3 dxe4 6. Qg4 Nf6 7. Qxg7 Rg8 8. Qh6 c5 9. Ne2 Rg6 10. Qe3 Nc6 11. h3 Qa5 12. Bd2 Qa4 13. Rc1 Bd7 14. g4 Na5 15. Nf4 Rg8 16. dxc5 Bc6 17. g5 Nd5 18. Qd4 O-O-O 19. Nxd5 Rxd5 20. Qxa4 Bxa4 21. Be3 Bc6 22. c4 Rdd8 23. Be2 Ba4 24. Rg1 f5 25. f3 exf3 26. Bd3 Bc6 27. Bd2 b6 28. cxb6 axb6 29. Be3 Be4 30. Bxb6 Nc6 31. Bxd8 Rxd8 32. Rd1 Ne5 33. Bxe4 Rxd1+ 34. Kxd1 fxe4 35. Re1 f2 36. Rf1 e3 37. Ke2 Nxc4 38. h4 Kd7 39. h5 Ke7 40. g6 hxg6 41. hxg6 Kf6 42. g7 Kxg7 43. a4 Kf6 44. a5 Nxa5 45. Kxe3 Ke5 46. Rxf2 Nc4+ 47. Kd3 Kd5 48. Rh2 Nb2+ 49. Kc3 Nd1+ 50. Kd2 Nb2 51. Rh5+ e5 52. Kc3 Nd1+ 53. Kd2 Nb2 54. Rh8 Nc4+ 55. Kc3 Ne3 56. Rd8+ Kc5 57. Kd3 Nd5 58. Rc8+ Kb5 59. c4+ 1-0


[Site "https://www.chess.com"]

[Event "Titled Tuesday Blitz April 19 Late 2022"]
[White "Rasulov, Vugar"]
[Black "Herrera Reyes, Jose Antonio"]
[WhiteFideId "13402390"]
[BlackFideId "2274914"]
[WhiteElo "2560"]
[BlackElo "2361"]
[Result "0-1"]
[Round "07"]
[TimeControl "180+1"]
[Date "2022.04.19"]
[WhiteClock "0:00:41"]
[BlackClock "0:00:57"]

1. d4 Nf6 2. c4 c5 3. d5 b5 4. Qc2 g6 5. e4 Bg7 6. e5 Ng8 7. Nf3 d6 8. Bf4 Nh6 9. Nbd2 b4 10. Bd3 Nf5 11. O-O a5 12. Rfe1 O-O 13. Re2 a4 14. Rae1 Na6 15. b3 axb3 16. axb3 Nc7 17. h3 dxe5 18. Bxe5 Bxe5 19. Rxe5 e6 20. Ne4 f6 21. Rxf5 gxf5 22. Nxc5 exd5 23. Bxf5 Bxf5 24. Qxf5 dxc4 25. bxc4 Ra5 26. Qg4+ Kh8 27. Nb3 Ra3 28. Nfd4 Qa8 29. Qh5 Rg8 30. f3 Qd8 31. Qc5 Ra2 32. g4 Na6 33. Qf5 Qd6 34. f4 Nc5 35. Nb5 Qc6 36. Re4 Nxe4 37. N3d4 Qxc4 0-1


[Site "https://www.chess.com"]

[Event "Titled Tuesday Blitz April 19 Late 2022"]
[White "Reprintsev, Alexander"]
[Black "Koelle, Tobias"]
[WhiteFideId "14100541"]
[BlackFideId "16207378"]
[WhiteElo "2108"]
[BlackElo "2541"]
[Result "0-1"]
[Round "07"]
[TimeControl "180+1"]
[Date "2022.04.19"]
[WhiteClock "0:00:01"]
[BlackClock "0:01:35"]

1. e4 g6 2. d4 Bg7 3. Nc3 c6 4. h4 d5 5. e5 h5 6. Nh3 Nh6 7. Ng5 f6 8. Bd3 fxg5 9. Bxg6+ Kd7 10. hxg5 Ng8 11. Rxh5 Rxh5 12. Qxh5 Kc7 13. Bf4 e6 14. Qh7 Qf8 15. Be3 Ne7 16. Bd3 b5 17. g4 Na6 18. a3 Bd7 19. f4 Qh8 20. O-O-O Qxh7 21. Bxh7 Rh8 22. Rh1 Be8 23. Kd2 Bg6 24. Bxg6 Rxh1 25. Bf7 Kd7 26. Ne2 Nc7 27. Ng3 Rh2+ 28. Kd3 Rg2 29. Nh5 Bh8 30. Nf6+ Bxf6 31. gxf6 Rxg4 32. fxe7 Kxe7 33. Bh5 Rh4 34. Be2 Ne8 35. a4 a6 36. b3 Ng7 37. c4 Nf5 38. Bf2 Rh3+ 39. Kc2 b4 40. Be1 Nxd4+ 41. Kd1 a5 42. Bg4 Rd3+ 43. Kc1 Nxb3+ 0-1


[Site "https://www.chess.com"]